 Dungeon Crawl Stone Soup version 0.31-a0-355-g57cb03d3e8 (webtiles) character file.

Game seed: 5305579821223713738

375 vineage the Trooper (level 6, -2/57 HPs)
             Began as a Minotaur Fighter on July 24, 2023.
             Slain by a gnoll
             ... wielding a +0 halberd
             ... led by a gnoll bouda
              (5 damage)
             ... on level 4 of the Dungeon.
             The game lasted 00:04:04 (3153 turns).

vineage the Trooper (Minotaur Fighter)              Turns: 3153, Time: 00:04:05

Health: -2/57      AC: 13    Str: 20    XL:     6   Next: 44%
Magic:  5/5        EV:  5    Int:  5    God:
Gold:   135        SH:  5    Dex: 12    Spells: 5/5 levels left

rFire   . . .        a - +0 war axe
rCold   . . .        c - +0 buckler
rNeg    . . .        t - +0 plate armour
rPois   .            f - +1 hat
rElec   .            (no cloak)
rCorr   .            (no gloves)
SInv    .            (no boots)
Will    .....        (no amulet) Stlth
                     (no ring)
HPRegen 0.29/turn    (no ring)
MPRegen 0.09/turn

%: no passive effects
@: mighty
A: horns 2, retaliatory headbutt
a: no special abilities


You were on level 4 of the Dungeon.
You visited 1 branch of the dungeon, and saw 4 of its levels.
You also visited: Sewer.

You collected 135 gold pieces.

Inventory:

Hand Weapons
 a - a +0 war axe (weapon)
Armour
 b - a +0 scale mail
 c - a +0 buckler (worn)
 f - a +1 hat (worn)
 t - a +0 plate armour (worn)
Jewellery
 h - a ring of magical power
Scrolls
 g - a scroll of teleportation
 j - 3 scrolls of identify
 q - a scroll of enchant armour
 r - a scroll of enchant weapon {unknown}
Potions
 e - a potion of resistance
 k - a potion of brilliance {unknown}
 l - 2 potions of attraction
 m - a potion of lignification
 n - a potion of haste {unknown}
 p - 4 potions of heal wounds {unknown}
 s - a potion of ambrosia {unknown}


   Skills:
 * Level 5.9 Fighting
 * Level 5.1 Axes
 + Level 4.8 Armour
 + Level 4.8 Shields


You had 5 spell levels left.
You didn't know any spells.
Your spell library contained the following spells:

 Spells                   Type           Power      Damage    Failure   Level
 Necrotise                Necr           0%         1d4       100%        1
 Ensorcelled Hibernation  Hex/Ice        0%         N/A       100%        2
 Passwall                 Tmut/Erth      0%         N/A       100%        2
 Swiftness                Air            0%         N/A       100%        3
 Vampiric Draining        Necr           0%         2d6       100%        3
 Agony                    Necr           0%         N/A       100%        5


Dungeon Overview and Level Annotations

Branches:
Dungeon (4/15)              Sewer (visited)
 Temple: D:4-7

Altars:

Annotations:
D:4 Pikel


Innate Abilities, Weirdness & Mutations

You have a pair of horns on your head.
You reflexively headbutt those who attack you in melee.


Message History

You are too injured to fight recklessly!
You are too injured to fight recklessly!
You feel very mighty all of a sudden. The gnoll hits you but does no damage.
The gnoll bouda hits you with a +0 whip.
The lemure hits you but does no damage.
You slash the lemure!
The lemure is moderately wounded.
You hit the gnoll bouda.
The gnoll hits you from afar with a +0 halberd!
* * * LOW HITPOINT WARNING * * *
The gnoll bouda mumbles some strange prayers to its god.
The gnoll bouda is healed somewhat.
The lemure hits you but does no damage. You block the gnoll's attack.
You barely miss the lemure.
The lemure is moderately wounded.
You hit the gnoll bouda.
The gnoll is no longer moving quickly.
The lemure hits you!
* * * LOW HITPOINT WARNING * * *
You block the gnoll bouda's attack.
The gnoll hits you from afar with a +0 halberd.
* * * LOW HITPOINT WARNING * * *
The gnoll bouda hits you but does no damage.
You block the lemure's attack.
Blink to where?
Press: ? - help, Dir - move target
As you read the scroll of blinking, it crumbles to dust.
The gnoll is no longer moving quickly.
There is an open door here.
You feel better.
The gnoll hits you from afar with a +0 halberd.
* * * LOW HITPOINT WARNING * * *
You are too injured to fight recklessly!
The gnoll hits you but does no damage.
You slash the gnoll!
The gnoll is severely wounded.
The gnoll hits you with a +0 halberd!
* * * LOW HITPOINT WARNING * * *
The gnoll hits you with a +0 halberd.
You die...

#......'......# #..'.....'†.#
####..##......# #..#.....#..#
...#..##....5.# ####.....####
...#..##....K.# #..#..†..#..#
.....>##......# #..#.)...#..#
......##.....g###'####'####'##
.####.##.......#.............##
.......#######5g..............#
#####..# ###@.............#
#..# ##'####'####'#.# ## #..#
#..#.....#..#.# .# #..#
#..#.....#..#.# ## #..#
####.....####.# .#
#..##########..#.....#..#.# ##
#...........#..'†....'†.#.#
.####...........####†###†####.#
#.....#....).....# #..#..# #.#


You could see Pikel, a lemure, a gnoll bouda and a gnoll.

Vanquished Creatures
  A lemure (D:4)
  A phantom (D:4)
  A sleepcap (D:4)
  An iguana (D:4)
  Robin (D:3)
  A gnoll (D:4)
  12 adders
  A river rat (Sewer)
  A worm (Sewer)
  A dart slug (D:1)
  2 orcs
  12 endoplasms
  3 giant cockroaches
  20 goblins
  7 hobgoblins
  3 quokkas
  11 ball pythons
  5 bats
  2 frilled lizards (D:2)
  8 kobolds
  7 rats
101 creatures vanquished.

Notes
Turn   | Place    | Note
-------+----------+-------------------------------------------
     0 | D:1      | vineage the Minotaur Fighter began the quest for the Orb.
     0 | D:1      | Reached XP level 1. HP: 19/19 MP: 0/0
   167 | D:1      | Reached XP level 2. HP: 27/27 MP: 1/1
   529 | D:2      | Reached XP level 3. HP: 32/33 MP: 2/2
  1053 | D:3      | Found a glowing drain.
  1107 | D:3      | Reached XP level 4. HP: 29/41 MP: 3/3
  1117 | Sewer    | Entered a sewer
  1917 | D:3      | Reached skill level 5 in Fighting
  2125 | D:3      | Noticed Robin
  2127 | D:3      | Reached XP level 5. HP: 48/48 MP: 4/4
  2139 | D:3      | Killed Robin
  2522 | D:4      | Noticed a phantom
  2530 | D:4      | Killed a phantom
  2531 | D:4      | Reached XP level 6. HP: 56/56 MP: 5/5
  3027 | D:4      | Reached skill level 5 in Axes
  3114 | D:4      | Noticed Pikel
  3153 | D:4      | Slain by a gnoll

Illustrated notes

Levels and vault maps discovered:
D:1:      onia_arrival_pentagram, layout_basic
D:2:      layout_basic, st_stairs_13, minmay_quantized
D:3:      layout_basic, serial_corexii_hall, corexii_hall_statues_l,
          corexii_hall_statues_x, chequers_hall_statues_wall_a,
          chequers_hall_statues_wall_a, gup_sewer_entry_glass,
          roderic_lattice_a, minmay_misc_feat_tower, small_statue_intersection,
          uniq_robin
D:4:      layout_basic, minmay_snake_closets, uniq_pikel

Skill      XL: |  1  2  3  4  5  6 |
---------------+-------------------+-----
Fighting       | 4 5 |  5.9
Axes           | 3 4 5 |  5.1
Armour         | 4 |  4.8
Shields        | 4 |  4.8

Action                     |  1- 3 |  4- 6 || total
---------------------------+-------+-------++-------
  Melee: War axe           |    72 |   152 ||   224
         Headbutt          |     9 |    23 ||    32
    Use: Scroll            |     3 |    10 ||    13
         Potion            |       |     3 ||     3
 Armour: Scale mail        |    37 |    29 ||    66
         Plate armour      |       |    41 ||    41
  Dodge: Dodged            |    28 |    54 ||    82
  Block: Buckler           |    22 |    27 ||    49

Table legend: (Time is in decaauts)
 A = Elapsed time spent in this place.
 B = Non-inter-level travel time spent in this place.
 C = Inter-level travel time spent in this place.
 D = Time resting spent in this place.
 E = Time spent auto-exploring this place.
 F = Levels seen in this place.
 G = Mean time per level.
                   A        B        C        D        E       F      G
               +--------+--------+--------+--------+--------+-----+--------+
         Total |   3299 |   3221 |     78 |     18 |   2562 |   5 |  659.8 |
       Dungeon |   2761 |   2683 |     78 |      0 |   2171 |   4 |  690.2 |
         Sewer |    538 |    538 |      0 |     18 |    391 |   1 |  538.0 |
               +--------+--------+--------+--------+--------+-----+--------+

Top non-repeatable levels by time:
     D:4: 923 daAuts
     D:3: 831 daAuts
   Sewer: 538 daAuts
     D:1: 525 daAuts
     D:2: 480 daAuts
